 Dungeon Crawl Stone Soup version 0.21.1-1-g345015f (webtiles) character file.

186 Vesto the Skirmisher (level 5, 0/48 HPs)
             Began as a Minotaur Fighter on Mar 7, 2018.
             Slain by an elf zombie (3 damage)
             ... in an ossuary.
             The game lasted 00:02:52 (838 turns).

Vesto the Skirmisher (Minotaur Fighter)              Turns: 838, Time: 00:02:53

Health: 0/48       AC:  7    Str: 27    XL:     5   Next: 38%
Magic:  4/4        EV:  8    Int:  5    God:
Gold:   80         SH: 11    Dex:  9    Spells: 4/4 levels left

rFire    . . .     SeeInvis .   a - +0 long sword
rCold    . . .     Gourm    .   c - +1 shield
rNeg     + . .     Faith    .   b - +0 scale mail
rPois    .         Spirit   .   (helmet restricted)
rElec    .         Reflect  .   (no cloak)
rCorr    .         Harm     .   (no gloves)
MR       .....                  (no boots)
Stlth    ..........             (no amulet)
HPRegen  0.16/turn              h - ring of positive energy
MPRegen  0.09/turn              (no ring)

@: mighty
A: retaliatory headbutt, horns 2
a: no special abilities


You were in an ossuary.
You were not hungry.

You visited 1 branch of the dungeon, and saw 4 of its levels.
You also visited: Ossuary.

You collected 80 gold pieces.

Inventory:

Hand Weapons
 a - a +0 long sword (weapon)
Armour
 b - a +0 scale mail (worn)
 c - a +1 shield (worn)
Jewellery
 h - a ring of positive energy (left hand)
Scrolls
 e - 4 scrolls of identify
Potions
 g - a potion of curing
Comestibles
 f - 2 rations


   Skills:
 * Level 5.1 Fighting
 * Level 4.1 Long Blades
 + Level 4.4 Armour
 + Level 2.0 Dodging
 - Level 4.0 Shields


You had 4 spell levels left.
You didn't know any spells.

Dungeon Overview and Level Annotations

Branches:
Dungeon (4/15)
 Temple: D:4-7

Altars:


Innate Abilities, Weirdness & Mutations

You reflexively headbutt those who attack you in melee.
You have a pair of horns on your head.


Message History

The elf zombie hits you.
* * * LOW HITPOINT WARNING * * *
The big kobold zombie hits you.
* * * LOW HITPOINT WARNING * * *
The centaur zombie barely misses you.
An orc zombie comes into view.
You slash the centaur zombie!
The centaur zombie is moderately damaged.
You block the centaur zombie's attack. The elf zombie hits you.
* * * LOW HITPOINT WARNING * * *
You block the goblin zombie's attack.
The big kobold zombie barely misses you.
Unknown command.
You slice the centaur zombie!!
You destroy the centaur zombie!
Your Fighting skill increases to level 5!
Your Long Blades skill increases to level 4!
Your Dodging skill increases to level 2!
The elf zombie hits you.
You die...

#...# #...# #..
#...# M...+####..
#...# #.∩.....#..
#...# #.......#..
#...# #.......#..
#...#Z####.......#..
#...#..Z.......Z.#..
#.Z.# #ZZ# #.. #Z.@#
#..# #.. #.ZZ# #..#
#..
#.ZZ######..######..
#..MZ...Z.Z.........
#........8..8.......
#...................
#...................
####################


You could see a mummy, a rat zombie, a goblin zombie, a hobgoblin zombie, a big
kobold zombie, an orc zombie and 2 elf zombies.

Vanquished Creatures
  An elf zombie (Ossuary)
  A centaur zombie (Ossuary)
  An iguana (D:4)
  A howler monkey skeleton (D:4)
  3 adders (D:4)
  An ooze (D:2)
  A worm (D:2)
  2 hobgoblins
  A frilled lizard (D:3)
  A goblin zombie (Ossuary)
  8 hobgoblin zombies (Ossuary)
  A jackal zombie (Ossuary)
  A kobold (D:2)
  4 kobold zombies (Ossuary)
  9 orc zombies (Ossuary)
  A rat (D:1)
  A rat zombie (Ossuary)
38 creatures vanquished.

Notes
Turn   | Place    | Note
-------+----------+-------------------------------------------
     0 | D:1      | Vesto the Minotaur Fighter began the quest for the Orb.
     0 | D:1      | Reached XP level 1. HP: 19/19 MP: 0/0
   447 | D:2      | Reached XP level 2. HP: 26/27 MP: 1/1
   532 | D:4      | Reached skill level 4 in Fighting
   539 | D:4      | Reached skill level 1 in Dodging
   539 | D:4      | Reached XP level 3. HP: 33/33 MP: 2/2
   607 | D:4      | Reached XP level 4. HP: 41/41 MP: 3/3
   649 | D:4      | Found a sand-covered staircase.
   654 | Ossuary  | Entered an ossuary
   833 | Ossuary  | Reached XP level 5. HP: 14/47 MP: 4/4
   838 | Ossuary  | Reached skill level 5 in Fighting
   838 | Ossuary  | Slain by an elf zombie

Skill      XL: |  1  2  3  4  5 |
---------------+----------------+-----
Fighting       | 4 5 |  5.1
Long Blades    | 3 4 |  4.1
Dodging        | 1 2 |  2.0
Armour         | 4 |  4.4
Shields        | 4 |  4.0

Action                   |  1- 3 |  4- 6 || total
-------------------------+-------+-------++-------
Melee: Long sword        |    37 |    59 ||    96
       Headbutt          |     3 |     8 ||    11
  Use: Scroll            |     2 |     1 ||     3
       Potion            |       |     1 ||     1
Armor: Scale mail        |    13 |    26 ||    39
Dodge: Dodged            |    11 |    24 ||    35
Block: Shield            |    21 |    39 ||    60
       Rpst.: Long sword |     2 |     8 ||    10
